 Dungeon Crawl Stone Soup version 0.28.0-53-g5a82cb258f (webtiles) character file.

Game seed: 7342941648334382123

3537 ILmort the Fighter (level 10, -2/77 HPs)
             Began as a Djinni Conjurer on Aug 18, 2022.
             Was a Priest of Makhleb.
             Slain by a five-headed hydra (4 damage)
             ... on level 8 of the Dungeon on Aug 19, 2022.
             The game lasted 00:41:24 (8214 turns).

ILmort the Fighter (Djinni Conjurer)                Turns: 8214, Time: 00:41:24

Health: -2/77      AC:  7    Str:  6    XL:     10   Next: 29%
Gold:   357        EV: 15    Int: 23    God:    Makhleb [***...] SH:  0 Dex: 13

rFire   + + .      SeeInvis +   q - +4 flail (freeze)
rCold   x . .      Faith    .   (no shield)
rNeg    . . .      Spirit   .   a - +1 robe
rPois   ∞          Reflect  .   (no helmet)
rElec   .          Harm     .   (no cloak)
rCorr   .          Rampage  .   (no gloves)
Will    +....                   (boots unavailable)
Stlth   ++........              o - amulet of regeneration
HPRegen 1.02/turn               f - +4 ring of protection
MPRegen 0.00/turn               p - ring of see invisible

@: flying
A: sickness immunity, fire resistance 2, cold vulnerability 1, float, innate
caster, HP casting, extra vitality 1
a: Renounce Religion, Minor Destruction, Lesser Servant of Makhleb


You were on level 8 of the Dungeon.
You worshipped Makhleb.
Makhleb was most pleased with you.
You visited 1 branch of the dungeon, and saw 8 of its levels.

You collected 357 gold pieces.

Inventory:

Hand Weapons
 b - a +3 dagger
 i - a +3 short sword
 q - a +4 flail of freezing (weapon)
 s - a +2 dagger of protection
 t - a +2 short sword of flaming
Armour
 a - a +1 robe (worn)
Jewellery
 f - a +4 ring of protection (left hand)
 n - an amulet of faith
 o - an amulet of regeneration (around neck)
 p - a ring of see invisible (right hand)
Wands
 j - a wand of flame (28)
 r - a wand of polymorph (8)
Scrolls
 d - 3 scrolls of holy word
 g - 2 scrolls of vulnerability
 m - a scroll of magic mapping
 w - a scroll of fog
Potions
 e - 2 potions of degeneration
 h - 2 potions of might
 k - a potion of haste
 l - 3 potions of curing
 u - a potion of brilliance


   Skills:
 + Level 8.9 Fighting
 + Level 7.0 Dodging
 - Level 1.7 Stealth
 + Level 7.7 Spellcasting


You had one spell level left.
You knew the following spells:

 Your Spells              Type           Power      Damage    Failure   Level
a - Magic Dart            Conj           100%       1d8       1%          1
b - Searing Ray           Conj           88%        2d7       1%          2
c - Dazzling Flash        Conj/Hex       88%        N/A       1%          3
d - Fulminant Prism       Conj/Hex       22%        3d13      3%          4
e - Iskenderun's Mystic   Conj/Tloc      44%        2d10      3%          4
f - Pain                  Necr           100%       1d9       1%          1
g - Call Imp              Summ           44%        N/A       1%          2
h - Mephitic Cloud        Conj/Pois/Air  44%        N/A       1%          3
i - Swiftness             Air            44%        N/A       1%          3
Your spell library was empty.

Dungeon Overview and Level Annotations

Branches:
Dungeon (8/15)             Temple (0/1) D:7
   Lair: D:8-11

Altars:
Elyvilon
Fedhas
Gozag
Hepliaklqana
Makhleb
Nemelex Xobeh
Trog
Wu Jian
Yredelemnul
Zin

Shops:
D:4 [

Annotations:
D:7 exclusion: downstairs


Innate Abilities, Weirdness & Mutations

You are immune to sickness and miasma.
You are immune to poison.
Your flesh is very heat resistant. (rF++)
You are vulnerable to cold. (rC-)
You float through the air rather than walking.
You learn spells naturally, not from books.
Your magical power is your life essence.
You have superior vitality. (+4 MHP)


Message History

The searing ray hits the five-headed hydra! (Press . to maintain the ray.)
Casting: Searing Ray (safe; 1% risk of failure)
You erupt in a blast of force!
The mystic blast hits the five-headed hydra!
You hear an angry growl.
The five-headed hydra bites you! x2
The five-headed hydra barely misses you.
The five-headed hydra misses you.
The five-headed hydra closely misses you.
Casting: Iskenderun's Mystic Blast (dangerous; 3% risk of failure)
You erupt in a blast of force!
The mystic blast hits the five-headed hydra!
The five-headed hydra bites you but does no damage.
The five-headed hydra bites you!
The five-headed hydra closely misses you. x3
There is a stone staircase leading up here.
Casting: Iskenderun's Mystic Blast (dangerous; 3% risk of failure)
Aiming: Magic Dart (safe; 1% risk of failure)
Aim: a five-headed hydra (severely wounded, 100% to hit)
The magic dart hits the five-headed hydra.
The five-headed hydra bites you but does no damage.
The five-headed hydra completely misses you.
The five-headed hydra bites you! The five-headed hydra bites you.
* * * LOW HITPOINT WARNING * * *
The five-headed hydra closely misses you.
Casting: Magic Dart (safe; 1% risk of failure)
Aiming: Searing Ray (safe; 1% risk of failure)
Aim: a five-headed hydra (almost dead, 94% to hit)
The searing ray hits the five-headed hydra! (Press . to maintain the ray.)
* * * LOW HITPOINT WARNING * * *
The five-headed hydra bites you!
* * * LOW HITPOINT WARNING * * *
The five-headed hydra barely misses you.
The five-headed hydra bites you!
* * * LOW HITPOINT WARNING * * *
The five-headed hydra closely misses you.
The five-headed hydra bites you.
You die...

#############
............
...........
...^...... #
.........
###.(####........
.......@D.$.>....
###.....#.####.##
#.#####.# .# ..
..####.# #
.......#
###.....# ......#
#########......#
#....o[<#.)....#


You could see a five-headed hydra.

Vanquished Creatures
  A shadow (D:7)
  2 yaks (D:8)
  Menkaure (D:4)
  5 water moccasins
  A sky beast (D:5)
  An orc warrior (D:7)
  An ice beast (D:5)
  An ogre (D:5)
  A black bear (D:8)
  A centaur (D:7)
  A phantom (D:5)
  A kobold brigand (D:7)
  2 bullfrogs
  4 scorpions
  A water moccasin skeleton (D:5)
  6 killer bees (D:6)
  3 centaur zombies
  A bullfrog zombie (D:7)
  3 hounds
  9 orc priests
  3 jellies
  2 iguanas
  4 orc wizards
  Ijyb (D:4)
  A killer bee zombie (D:7)
  A hound skeleton (D:4)
  13 gnolls
  8 adders
  An adder skeleton (D:4)
  2 dart slugs
  28 orcs
  2 ball pythons
  2 bats
  8 endoplasms
  3 giant cockroaches
  8 goblins
  7 hobgoblins
  3 quokkas
  4 frilled lizards
  17 kobolds
  A quokka skeleton (D:4)
  3 rats
168 creatures vanquished.

Vanquished Creatures (others)
  37 fungi (D:8)
  46 plants (D:8)
83 creatures vanquished.

Grand Total: 251 creatures vanquished

Notes
Turn   | Place    | Note
-------+----------+-------------------------------------------
     0 | D:1      | ILmort the Djinni Conjurer began the quest for the Orb.
     0 | D:1      | Reached XP level 1. HP: 15/15 MP: 0/0
   371 | D:1      | Reached XP level 2. HP: 18/21 MP: 0/0
   644 | D:1      | Reached skill level 1 in Fighting
   826 | D:2      | Found a faded altar of an unknown god.
   958 | D:2      | Reached XP level 3. HP: 24/27 MP: 0/0
   958 | D:2      | Learned a level 1 spell: Pain
   971 | D:2      | Found a burning altar of Makhleb.
   981 | D:2      | Became a worshipper of Makhleb the Destroyer
  1016 | D:2      | Identified the +1 pair of boots of the Villain {Rampage rN+
                  | Int+2 Stlth+}
  1721 | D:3      | Found a bloodstained altar of Trog.
  2003 | D:3      | Reached skill level 2 in Fighting
  2003 | D:3      | Reached XP level 4. HP: 26/33 MP: 0/0
  2384 | D:3      | Reached XP level 5. HP: 19/39 MP: 0/0
  2384 | D:3      | Learned a level 2 spell: Call Imp
  2597 | D:3      | Reached * piety under Makhleb
  3024 | D:3      | Reached skill level 3 in Fighting
  3196 | D:4      | Noticed Menkaure
  3199 | D:4      | Killed Menkaure
  3200 | D:4      | Reached XP level 6. HP: 44/47 MP: 0/0
  3254 | D:4      | Reached skill level 4 in Fighting
  3553 | D:4      | Found Woerevy's Antique Armour Shop.
  3590 | D:4      | Reached XP level 7. HP: 47/53 MP: 0/0
  3590 | D:4      | Learned a level 3 spell: Mephitic Cloud
  3594 | D:4      | Reached ** piety under Makhleb
  3674 | D:4      | Reached skill level 5 in Spellcasting
  3964 | D:4      | Found a glowing silver altar of Zin.
  4042 | D:4      | Noticed Ijyb
  4215 | D:4      | Killed Ijyb
  4277 | D:4      | Found a white marble altar of Elyvilon.
  4367 | D:5      | Entered Level 5 of the Dungeon
  4505 | D:5      | Found an ornate altar of the Wu Jian Council.
  4505 | D:5      | Found a blossoming altar of Fedhas.
  4505 | D:5      | Found a sparkling altar of Nemelex Xobeh.
  4540 | D:5      | Reached skill level 5 in Fighting
  4575 | D:5      | Reached XP level 8. HP: 27/60 MP: 0/0
  5232 | D:5      | Found a hazy altar of Hepliaklqana.
  5237 | D:5      | Found an opulent altar of Gozag.
  5267 | D:5      | Found a basalt altar of Yredelemnul.
  5335 | D:5      | Reached skill level 6 in Fighting
  6012 | D:6      | Reached XP level 9. HP: 67/67 MP: 0/0
  6012 | D:6      | Learned a level 3 spell: Swiftness
  6020 | D:6      | Reached skill level 7 in Fighting
  6027 | D:6      | Reached *** piety under Makhleb
  6810 | D:7      | Reached skill level 5 in Dodging
  7017 | D:7      | Found a staircase to the Ecumenical Temple.
  7034 | D:7      | Reached skill level 8 in Fighting
  7819 | D:8      | Reached XP level 10. HP: 75/76 MP: 0/0
  7990 | D:8      | Noticed a kobold demonologist
  7991 | D:8      | Noticed a sixfirhy
  8202 | D:8      | Noticed a five-headed hydra
  8214 | D:8      | HP: 2/77 [five-headed hydra (9)]
  8214 | D:8      | Slain by a five-headed hydra

Illustrated notes

Levels and vault maps discovered:
D:1:      wander_arrival_peaceful_grave, layout_loops_cross, lemuel_old_faithful
D:2:      layout_loops_ring, chequers_ecumenical_altar_island, basic_altar
D:3:      layout_basic, lightli_temple_of_fire, minmay_fractal_squares_gapless_5
D:4:      layout_basic, kennysheep_mini, zin_treasury, serial_shops,
          nicolae_take_the_stairs, uniq_ijyb, uniq_menkaure
D:5:      layout_cave_pools, lemuel_round_altar,
          amethyst_overflow_temple_binary,
          chequers_temple_overflow_statue_of_worship, bh_walls_and_bars
D:6:      layout_basic
D:7:      layout_loops_corners, minmay_temple_entry_proselytizer
D:8:      layout_basic, tgw_kikubaaqudgha, due_lair_maze_entry_diamond,
          minmay_misc_feat_rows, uniq_erica

Skill      XL: |  1  2  3  4  5  6  7  8  9 10 |
---------------+-------------------------------+-----
Fighting       | 1 2 3 4 5 6 8 |  8.9
Spellcasting   | 4 5 6 7 |  7.7
Dodging        | 3 6 7 |  7.0
Stealth        | |  1.7

Action                   |  1- 3 |  4- 6 |  7- 9 | 10-12 || total
-------------------------+-------+-------+-------+-------++-------
Melee: Dagger            |       |    12 |       |       ||    12
 Cast: Magic Dart        |    41 |    65 |   120 |    26 ||   252
       Searing Ray       |    10 |    39 |   157 |    36 ||   242
       Call Imp          |       |     2 |       |       ||     2
       Dazzling Flash    |       |     1 |     1 |       ||     2
       Pain              |       |       |     2 |       ||     2
       Iskenderun's Myst |       |       |     5 |     7 ||    12
       Swiftness         |       |       |     1 |       ||     1
  Use: Scroll            |       |       |    13 |       ||    13
       Potion            |       |       |     1 |     5 ||     6
Armor: Robe              |     1 |    13 |    25 |    10 ||    49
       Skin              |       |       |     5 |       ||     5
Dodge: Dodged            |     5 |    24 |    69 |    31 ||   129
